Map: Eternal Empire LE

Players

AgoElazer (Elazer)

  • Race: Zerg Zerg
  • Spawn Location: 7:00

INnoVation - Winner!

  • Race: Terran Terran
  • Spawn Location: 1:00

Event: Shopify TSL 5

VOD

Have the link to the VOD?

Description

Time

  • Played on: June 6, 2020, 9:32 a.m.
  • Length: 9:10

All games in this series

Show
View Real Time Build Order
Export as new Build Order

AgoElazer Zerg 

Build Orders: Hatch First, Muta Ling Bane 

Get SALT Encoding   

  12  0:00  Drone  
  13  0:12  Overlord  
  13  0:17  Drone  
  14  0:30  Drone x2  
  16  0:48  Hatchery  
  15  0:51  Drone  
  15  0:55  Drone  
  17  0:59  Drone  
  18  1:08  Extractor  
  17  1:13  Spawning Pool  
  17  1:17  Drone  
  17  1:20  Drone  
  18  1:28  Drone  
  19  1:39  Drone  
  20  1:49  Drone  
  21  2:00  Queen x2  
  21  2:01  Zergling x2, Overlord  
  26  2:11  Zergling x2  
  26  2:12  Drone  
  26  2:13  Metabolic Boost  
  28  2:22  Drone x2  
  30  2:35  Drone x2  
  32  2:39  Queen x2  
  36  2:44  Overlord  
  36  2:52  Overlord  
  36  3:04  Drone x2  
  38  3:05  Drone x2  
  38  3:08  Drone x3  
  38  3:10  Drone x2  
  38  3:12  Drone  
  46  3:18  Lair  
  46  3:20  Drone  
  46  3:22  Drone  
  48  3:34  Overlord  
  48  3:37  Hatchery  
  47  3:50  Extractor x2  
  47  3:52  Drone x7  
  47  3:54  Baneling Nest  
  51  3:57  Extractor  
  51  3:59  Overlord  
  50  4:03  Drone x2  
  52  4:18  Drone x3  
  52  4:20  Queen  
  52  4:23  Spire  
  55  4:24  Overlord  
  55  4:27  Zergling x4  
  57  4:34  Zergling x4  
  57  4:38  Overlord  
  59  4:47  Drone x4  
  63  4:55  Drone  
  63  4:56  Drone x2  
  63  4:57  Drone  
  67  5:03  Drone x5  
  67  5:04  Drone  
  73  5:09  Overlord  
  73  5:20  Overlord  
  73  5:21  Extractor x2  
  71  5:27  Drone  
  71  5:35  Mutalisk x8  
  87  5:40  Overseer  
  83  5:45  Drone x6  
  83  5:49  Drone  
  88  5:57  Drone x2  
  90  6:08  Drone x7  
  97  6:13  Centrifical Hooks  
  97  6:16  Drone, Hatchery  
  97  6:21  Overlord  
  97  6:26  Overlord  
  97  6:30  Evolution Chamber, Zerg Flyer Weapons Level 1  
  97  6:31  Evolution Chamber  
  95  6:36  Drone x2, Overlord  
  97  6:43  Mutalisk x4  
  97  6:45  Zergling x4  
  107  6:51  Zergling x12  
  113  6:55  Zergling x2  
  113  7:01  Zerg Ground Armor Level 1, Zerg Melee Weapons Level 1  
  114  7:02  Zergling x6  
  114  7:05  Baneling x7  
  114  7:07  Zergling x2  
  114  7:08  Zergling x4  
  120  7:17  Zergling x2  
  120  7:20  Overlord  
  119  7:28  Zergling x18  
  123  7:30  Zergling x2  
  123  7:33  Zergling x2  
  123  7:34  Zergling x2  
  124  7:39  Zergling x6  
  127  7:45  Overlord  
  127  7:46  Zergling x2  
  127  7:55  Hatchery  
  127  7:57  Zergling x10  
  127  7:58  Zergling x2  
  109  7:59  Baneling x5  
  109  8:00  Baneling x3  
  109  8:02  Zergling x2  
  109  8:03  Zergling x4  
  112  8:07  Mutalisk x7  
  112  8:09  Zergling x6  
  127  8:13  Zergling x6  
  130  8:20  Zergling x2  
  130  8:21  Zergling x6  
  130  8:22  Baneling x9  
  134  8:30  Overlord  
  133  8:41  Overlord  
  133  8:42  Overlord x4  
Show
View Real Time Build Order
Export as new Build Order

INnoVation Terran - Winner!

Build Orders: Reaper Expand 

Get SALT Encoding   

  12  0:00  SCV  
  13  0:12  SCV  
  14  0:17  Supply Depot  
  14  0:25  SCV  
  15  0:39  SCV  
  15  0:40  Barracks  
  16  0:44  Refinery  
  16  0:51  SCV  
  17  1:03  SCV  
  18  1:15  SCV  
  19  1:27  Orbital Command, Reaper  
  20  1:41  Command Center  
  20  1:52  Supply Depot  
  20  1:53  SCV  
  21  1:59  Marine  
  22  2:05  SCV  
  23  2:15  Factory  
  23  2:17  SCV, Marine  
  25  2:29  SCV  
  26  2:36  Barracks Reactor  
  26  2:41  SCV  
  27  2:48  Command Center  
  27  2:53  SCV  
  27  2:54  Orbital Command  
  28  3:05  SCV, Starport  
  28  3:12  Refinery  
  29  3:16  Hellion  
  29  3:18  SCV  
  34  3:20  Hellion  
  34  3:26  SCV  
  35  3:30  SCV  
  35  3:32  Bunker  
  36  3:43  Starport Tech Lab, SCV x2  
  36  3:47  Factory Tech Lab  
  36  3:48  Bunker  
  37  3:55  SCV x2  
  38  4:00  Orbital Command  
  38  4:01  Marine x2  
  41  4:04  Banshee  
  41  4:09  SCV x2  
  46  4:11  Siege Tank  
  49  4:18  Marine  
  49  4:19  Marine  
  49  4:23  SCV x2  
  53  4:27  SCV, Refinery  
  53  4:29  Refinery  
  54  4:31  Engineering Bay  
  54  4:32  Engineering Bay  
  54  4:35  SCV x2  
  56  4:39  SCV  
  57  4:46  Stimpack  
  57  4:50  Barracks  
  57  4:51  SCV x2, Factory Reactor  
  57  4:52  Barracks  
  59  4:53  SCV  
  59  4:55  Marine  
  59  4:58  Starport Reactor  
  61  5:03  Terran Infantry Weapons Level 1  
  61  5:04  Supply Depot  
  61  5:06  Supply Depot  
  61  5:09  SCV x3  
  61  5:14  Terran Infantry Armor Level 1  
  64  5:17  Marine  
  65  5:21  SCV x3  
  65  5:27  Supply Depot  
  68  5:32  Orbital Command  
  68  5:34  Barracks  
  68  5:35  SCV x2  
  68  5:36  Barracks  
  68  5:37  Marine x3  
  70  5:45  Siege Tank  
  70  5:49  SCV x2  
  74  5:52  Marine  
  74  5:53  Marine  
  74  5:54  Medivac  
  74  5:55  Marine x3, Medivac  
  83  5:57  Missile Turret  
  83  5:59  Missile Turret  
  83  6:02  Missile Turret  
  83  6:03  SCV x2  
  83  6:04  SCV  
  83  6:10  Marine x2, Supply Depot  
  85  6:13  Marine x3  
  85  6:17  Armory  
  88  6:20  Siege Tank  
  88  6:24  Barracks Reactor x2  
  91  6:25  Combat Shield  
  91  6:28  Marine  
  91  6:31  Marine  
  91  6:32  Marine x3, Medivac  
  96  6:38  Supply Depot x2  
  96  6:39  Medivac  
  100  6:43  SCV x2  
  100  6:46  Marine  
  101  6:50  Marine  
  101  6:59  Siege Tank, Marine x3  
  101  7:00  Marine x4  
  111  7:01  Supply Depot  
  111  7:04  Marine  
  111  7:08  Supply Depot  
  112  7:11  Medivac  
  112  7:12  SCV, Medivac  
  117  7:22  Marine x6  
  117  7:23  SCV x2, Marine x3  
  122  7:38  Supply Depot  
  122  7:40  Marine x7, Supply Depot  
  122  7:41  Marine x2  
  129  7:55  Siege Tank  
  129  7:58  Marine x8  
  123  7:59  Marine  
  123  8:00  SCV x3  
  123  8:05  Refinery  
  134  8:14  Medivac  
  134  8:15  Medivac  
  134  8:16  Marine x8  
  134  8:17  Marine  
  134  8:19  Supply Depot  
  145  8:29  Siege Tank  
  145  8:34  Marine  
  148  8:40  Marine x5  
Tags
 
Add a new tag
Caveats
  • Supply blocks, unpowered buildings, or Contaminate may cause inaccurate times.
  • Supply counts are checked every 10 seconds.